Map: Newkirk Precinct TE (Void)

Players

chankim

  • Race: Zerg Zerg
  • Spawn Location: 5:00

A.I. 1 (Very Easy) - Winner!

  • Race: Terran Terran
  • Spawn Location: 7:00

VOD

Have the link to the VOD?

Description

Time

  • Played on: April 7, 2017, 8 p.m.
  • Length: 9:01
Show
View Real Time Build Order
Export as new Build Order

chankim Zerg 

Build Orders: Hatch First, Muta Ling Bane 

Get SALT Encoding   

  12  0:00  Drone  
  13  0:13  Overlord  
  13  0:18  Drone  
  14  0:32  Drone x2  
  14  0:35  Drone  
  17  0:52  Hatchery  
  17  0:55  Drone  
  17  0:59  Drone  
  18  1:10  Extractor  
  17  1:14  Spawning Pool  
  17  1:17  Drone  
  17  1:20  Drone  
  18  1:29  Drone  
  19  1:39  Overlord  
  19  1:50  Drone  
  20  2:00  Queen  
  23  2:01  Zergling x2  
  23  2:04  Queen, Zergling x2  
  26  2:09  Metabolic Boost  
  26  2:11  Drone  
  27  2:16  Drone  
  27  2:22  Drone  
  29  2:26  Drone  
  30  2:33  Drone  
  31  2:39  Hatchery  
  31  2:42  Drone  
  31  2:48  Overlord  
  31  2:50  Drone  
  32  2:54  Drone  
  33  2:58  Queen  
  33  3:01  Drone  
  36  3:07  Drone x2  
  36  3:08  Drone  
  36  3:11  Drone  
  40  3:15  Overlord  
  40  3:17  Drone  
  40  3:18  Drone  
  42  3:21  Drone  
  42  3:23  Drone  
  44  3:34  Drone x2  
  45  3:36  Queen  
  45  3:37  Overlord  
  45  3:40  Drone x2  
  50  3:44  Drone x2  
  52  3:51  Evolution Chamber x2, Drone  
  52  3:53  Drone  
  52  3:54  Drone  
  53  3:59  Drone  
  54  4:03  Overlord  
  54  4:04  Drone  
  54  4:06  Drone x2  
  54  4:07  Drone  
  58  4:14  Drone x3  
  58  4:16  Drone x2  
  63  4:19  Zerg Ground Armor Level 1  
  63  4:23  Extractor  
  62  4:24  Drone  
  62  4:25  Drone  
  62  4:26  Extractor  
  62  4:28  Overlord  
  62  4:29  Drone  
  64  4:31  Drone  
  64  4:33  Queen  
  64  4:34  Drone  
  68  4:40  Drone  
  68  4:41  Drone, Zerg Melee Weapons Level 1  
  68  4:42  Drone  
  68  4:45  Drone x2  
  73  4:47  Overlord  
  73  4:49  Drone  
  73  4:50  Drone x2  
  73  4:52  Extractor, Drone x2  
  77  4:53  Extractor, Drone x2  
  77  4:57  Drone  
  77  4:59  Overlord  
  79  5:01  Lair  
  79  5:04  Baneling Nest  
  78  5:08  Zergling x4  
  78  5:13  Overlord  
  80  5:16  Zergling x6  
  80  5:17  Zergling x2  
  80  5:21  Extractor, Drone  
  85  5:25  Overlord  
  85  5:26  Hatchery  
  83  5:29  Zergling x10  
  83  5:33  Zergling x6  
  91  5:39  Overlord  
  91  5:43  Pneumatized Carapace  
  91  5:48  Zergling x8  
  91  5:49  Zergling x2  
  96  5:56  Drone  
  98  5:57  Drone x6  
  98  5:58  Hatchery  
  102  6:08  Overlord  
  102  6:11  Zergling x6  
  105  6:15  Drone  
  105  6:16  Drone x2, Centrifical Hooks  
  105  6:17  Zerg Ground Armor Level 2  
  108  6:23  Drone  
  108  6:24  Spire  
  108  6:28  Drone  
  108  6:29  Drone x4  
  113  6:37  Zergling x6  
  116  6:52  Overlord  
  116  6:53  Zergling x4  
  116  6:54  Zergling x10  
  122  7:02  Drone x2  
  122  7:05  Queen, Overlord  
  122  7:06  Queen  
  122  7:07  Zergling x4  
  122  7:08  Zergling x10  
  135  7:14  Zergling x10  
  140  7:20  Overlord  
  140  7:23  Overlord x2  
  140  7:24  Overlord x2  
  140  7:38  Mutalisk x12  
  140  7:41  Overseer, Baneling x2  
  140  7:42  Overlord  
  140  7:43  Mutalisk  
  164  7:47  Zergling x6  
  164  7:50  Zergling x6  
  172  7:56  Zergling x4  
  174  8:04  Zergling x2  
  174  8:05  Zergling x26  
  188  8:14  Mutalisk x4  
  188  8:16  Mutalisk  
  188  8:18  Zergling x2  
  199  8:38  Baneling  
  199  8:39  Baneling x13  
  199  8:42  Extractor  
  199  8:44  Extractor  
Show
View Real Time Build Order
Export as new Build Order

A.I. 1 (Very Easy) Terran - Winner!

Build Orders:  

Get SALT Encoding   

  12  0:00  SCV  
  13  0:13  SCV  
  14  0:20  Supply Depot  
  14  0:36  Refinery  
  14  0:46  Barracks  
  14  1:05  Supply Depot  
  14  1:12  Refinery  
  14  1:34  Orbital Command, Marine  
  15  1:52  Barracks Tech Lab  
  15  2:00  SCV  
  16  2:12  SCV  
  17  2:18  Marine  
  18  2:24  SCV  
  19  2:36  SCV  
  20  2:48  SCV  
  21  3:00  SCV  
  21  3:03  Marauder  
  24  4:33  SCV  
  24  6:12  SCV  
  24  6:35  SCV, Marine  
  24  6:37  Supply Depot  
  24  6:39  Factory  
  26  6:45  Command Center  
  26  6:47  SCV  
  27  6:59  SCV  
  27  7:01  Supply Depot  
  26  7:08  Marine  
  25  7:11  SCV  
  25  7:23  SCV  
  25  7:25  Starport  
  26  7:39  SCV  
  26  7:40  Marine  
  27  7:58  SCV  
  28  8:01  Refinery  
  28  8:02  Starport Tech Lab  
  28  8:05  SCV  
  28  8:10  Refinery  
  28  8:12  SCV, Marine  
  31  8:20  SCV  
  34  8:27  SCV  
  34  8:34  SCV  
  35  8:41  SCV  
  36  8:48  SCV  
Tags
 
Add a new tag
Caveats
  • Supply blocks, unpowered buildings, or Contaminate may cause inaccurate times.
  • Supply counts are checked every 10 seconds.